General information
- name: BNet
- type: Ladder team game (AT/RT)
- host: Battle.net
- saver: Mata.
map: Avalanche
- players: 4
- length: 08:59
- speed: Fast
- version: 1.21 W3XP
- replay type:

» download(44 KB)
Players
team 1 (winner)
dirtmcwordUP (
blue | 68 APM | 608 actions | 08:58)
1 Demon Hunter
1 Mana Burn
» actions
| Assign group hotkey | 5 | |
| Basic commands | 6 | |
| Build / train | 25 | |
| Enter build submenu | 10 | |
| Enter hero's abilities submenu | 2 | |
| Right click | 354 | |
| Select / deselect | 74 | |
| Select group hotkey | 96 | |
| Use ability | 36 | |
608 total
» units
| Wisp | 18 | |
| Glaive Thrower | 2 | |
| Druid of the Claw | 1 | |
21 total
» upgrades
| Druid of the Claw Training | 1 | |
1 total
» buildings
| Altar of Elders | 1 | |
| Moon Well | 2 | |
| Ancient of War | 2 | |
| Tree of Life | 1 | |
| Tree of Ages | 1 | |
| Hunter's Hall | 1 | |
| Ancient of Lore | 2 | |
10 total
» build order
00:13 Altar of Elders
00:17 Moon Well
00:58 Ancient of War
01:59 Ancient of War
03:30 Tree of Life
05:00 Tree of Ages
05:01 Hunter's Hall
05:03 Moon Well
07:30 Ancient of Lore
07:31 Ancient of Lore
Mata. (
purple | 144 APM | 1298 actions | 08:59)
1 Archmage
1 Summon Water Elemental
» actions
| Assign group hotkey | 133 | |
| Build / train | 74 | |
| ESC pressed | 1 | |
| Enter build submenu | 20 | |
| Enter hero's abilities submenu | 1 | |
| Right click | 580 | |
| Select / deselect | 275 | |
| Select group hotkey | 150 | |
| Use ability | 64 | |
1298 total
» units
» upgrades
» buildings
| Altar of Kings | 1 | |
| Barracks | 1 | |
| Farm | 3 | |
| Lumber Mill | 1 | |
| Scout Tower | 14 | |
| Guard Tower | 25 | |
| Arcane Tower | 2 | |
47 total
» build order
00:06 Altar of Kings
00:19 Barracks
00:33 Farm
00:54 Lumber Mill
01:11 Farm
02:58 Scout Tower
02:59 Scout Tower
03:00 Scout Tower
03:09 Scout Tower
03:31 Farm
03:33 Guard Tower
03:34 Guard Tower
03:44 Guard Tower
03:44 Guard Tower
04:07 Scout Tower
04:25 Arcane Tower
04:25 Arcane Tower
04:26 Scout Tower
04:27 Scout Tower
04:43 Scout Tower
04:44 Scout Tower
04:52 Guard Tower
04:53 Guard Tower
04:53 Guard Tower
04:53 Guard Tower
05:11 Scout Tower
05:20 Guard Tower
05:29 Scout Tower
05:29 Scout Tower
05:35 Scout Tower
05:36 Scout Tower
06:11 Guard Tower
06:11 Guard Tower
06:40 Guard Tower
06:41 Guard Tower
06:48 Guard Tower
07:08 Guard Tower
07:09 Guard Tower
team 2 (loser)
Doug-E-Fresh (
pink | 51 APM | 416 actions | 08:09)
1 Warden
1 Fan of Knives
» actions
| Basic commands | 14 | |
| Build / train | 13 | |
| Enter build submenu | 9 | |
| Enter hero's abilities submenu | 1 | |
| Right click | 247 | |
| Select / deselect | 104 | |
| Use ability | 28 | |
416 total
» units
» buildings
| Altar of Elders | 2 | |
| Moon Well | 5 | |
| Ancient of War | 1 | |
8 total
» build order
00:05 Altar of Elders
00:12 Moon Well
01:15 Ancient of War
01:49 Moon Well
02:31 Moon Well
03:57 Altar of Elders
04:00 Moon Well
04:03 Moon Well
I-Will-Tower-U (
teal | 64 APM | 575 actions | 08:58)
2 Warden
1 Fan of Knives
1 Blink
» actions
| Assign group hotkey | 14 | |
| Basic commands | 9 | |
| Build / train | 14 | |
| ESC pressed | 3 | |
| Enter build submenu | 31 | |
| Enter hero's abilities submenu | 2 | |
| Right click | 282 | |
| Select / deselect | 125 | |
| Select group hotkey | 51 | |
| Use ability | 44 | |
575 total
» units
» buildings
| Altar of Elders | 1 | |
| Moon Well | 12 | |
| Hunter's Hall | 1 | |
| Ancient Protector | 10 | |
| Tree of Ages | 1 | |
25 total
» build order
00:19 Altar of Elders
00:29 Moon Well
00:46 Moon Well
01:41 Moon Well
02:24 Moon Well
02:32 Moon Well
02:33 Moon Well
03:04 Moon Well
03:06 Moon Well
03:28 Moon Well
03:32 Moon Well
03:44 Moon Well
03:58 Moon Well
04:33 Hunter's Hall
05:48 Ancient Protector
05:49 Ancient Protector
05:53 Ancient Protector
06:05 Ancient Protector
06:47 Ancient Protector
07:31 Tree of Ages
07:40 Ancient Protector
07:49 Ancient Protector
07:51 Ancient Protector
07:54 Ancient Protector
08:00 Ancient Protector
Chat log
(00:02 / Allies) dirtmcwordUP: sending aow
(00:11 / Allies) Mata.: who will be towering who i wondere...
(00:53 / Allies) dirtmcwordUP: hmmm yes
(01:04 / Allies) Mata.: too far from trees
(01:04 / Allies) Mata.: but w-e
(01:09 / Allies) dirtmcwordUP: is fine
(01:14 / Allies) Mata.: is NOT fine.
(01:21 / Allies) dirtmcwordUP: i send another one
(01:27 / Allies) Mata.: that's prima XD
(01:37 / Allies) Mata.: oops 4 peon mine
(01:42 / Allies) dirtmcwordUP: oopsies hehehee
(01:47 / Allies) Mata.: i got teh plenty of lumber
(03:23 / Allies) Mata.: got this base
(03:23 / Allies) Mata.: next
(03:25 / Allies) dirtmcwordUP: got dibs on manner spand
(04:26 / Allies) dirtmcwordUP: hahhahaha
(04:29 / All) dirtmcwordUP: gg
(05:04 / All) Mata.: gg
(05:15 / All) Doug-E-Fresh: Gay strat
(05:20 / All) dirtmcwordUP: leave
(05:21 / All) Mata.: you too bros
(05:22 / All) Mata.: you too
(06:26 / All) dirtmcwordUP: quit please thanks
(07:20 / Allies) Mata.: sigh
(07:21 / Allies) Mata.: why never units
(08:02 / All) Mata.: you can win
(08:03 / Allies) Mata.: get lista
(08:12 / Allies) dirtmcwordUP: haha